 Dungeon Crawl Stone Soup version 0.22-b1-59-g0aedee734a (webtiles) character file.

23524 Kirk the Destroyer (level 12, -1/111 HPs)
             Began as a Demonspawn Wizard on Aug 9, 2018.
             Was an Elder of Vehumet.
             Slain by a wolf (7 damage)
             ... on level 4 of the Lair of Beasts.
             The game lasted 00:57:42 (17825 turns).

Kirk the Destroyer (Demonspawn Wizard)             Turns: 17825, Time: 00:57:43

Health: -1/111     AC:  6    Str: 13    XL:     12   Next: 72%
Magic:  6/29       EV: 17    Int: 24    God:    Vehumet [****..]
Gold:   734        SH:  0    Dex: 17    Spells: 10/37 levels left

rFire    . . .     SeeInvis +   A - +2 dagger (elec)
rCold    . . .     Gourm    +   (no shield)
rNeg     . . .     Faith    .   a - +0 robe
rPois    .         Spirit   .   b - +1 hat
rElec    .         Reflect  .   (no cloak)
rCorr    .         Harm     .   (no gloves)
MR       .....                  c - +0 pair of boots
Stlth    ..........             n - amulet of the gourmand
HPRegen  0.28/turn              i - ring of see invisible
MPRegen  0.21/turn              (no ring)

@: agile, berserking, very quick
A: antennae 2, slimy green scales 1, powered by death 1, powered by pain 1
a: Renounce Religion


You were on level 4 of the Lair of Beasts.
You worshipped Vehumet.
Vehumet was greatly pleased with you.
You were full.

You visited 3 branches of the dungeon, and saw 16 of its levels.

You collected 734 gold pieces.

Inventory:

Hand Weapons
 o - a +1 dagger of protection
 x - a +1 war axe of electrocution
 A - a +2 dagger of electrocution (weapon)
Missiles
 m - 2 curare-tipped needles
Armour
 a - a +0 robe (worn)
 b - a +1 hat (worn)
 c - a +0 pair of boots (worn)
Jewellery
 i - a ring of see invisible (left hand)
 n - an amulet of the gourmand (around neck)
Wands
 g - a wand of digging (11)
 s - a wand of flame (38)
 w - a wand of polymorph (5)
 y - a wand of iceblast (7)
 D - a wand of paralysis (4)
Scrolls
 e - 5 scrolls of immolation
 f - 3 scrolls of enchant weapon
 j - 4 scrolls of remove curse
 l - 4 scrolls of teleportation
 p - a scroll of enchant armour
 z - a scroll of magic mapping
 E - a scroll of fog
Potions
 h - 2 potions of ambrosia
 k - a potion of might
 r - 3 potions of agility
 u - a potion of invisibility {unknown}
 v - a potion of haste
Comestibles
 d - 21 rations


   Skills:
 - Level 1.3 Short Blades
 - Level 1.7 Dodging
 - Level 1.7 Stealth
 + Level 13.3 Spellcasting
 + Level 13.5 Conjurations
   Level 1.0 Summonings
 - Level 2.1 Translocations
 + Level 5.7 Fire Magic
 - Level 0.1 Air Magic
 - Level 2.2 Earth Magic
 - Level 0.1 Poison Magic
 - Level 2.0 Evocations


You had 10 spell levels left.
You knew the following spells:

 Your Spells              Type           Power        Failure   Level  Hunger
a - Magic Dart            Conj           ####         0%          1    None
b - Blink                 Tloc           N/A          2%          2    None
c - Conjure Flame         Conj/Fire      ######..     1%          3    None
d - Mephitic Cloud        Conj/Pois/Air  #####...     1%          3    None
e - Stone Arrow           Conj/Erth      ######       1%          3    None
f - Sticky Flame          Conj/Fire      ######..     1%          4    None
g - Fireball              Conj/Fire      ######....   1%          5    ###....
h - Iskenderun's Mystic   Conj           ######..     1%          4    None
i - Swiftness             Chrm/Air       ###.....     5%          2    None

Your spell library contained the following spells:

 Spells                   Type           Power        Failure   Level  Hunger
 Lightning Bolt           Conj/Air       #####.....   1%          5    ###....
 Slow                     Hex            ###.....     5%          2    None
 Throw Flame              Conj/Fire      ######       1%          2    None
 Venom Bolt               Conj/Pois      #####.....   1%          5    ###....
 Olgreb's Toxic Radiance  Pois           ###.....     10%         4    None
 Animate Dead             Necr           N/A          36%         4    None
 Pain                     Necr           ###.         3%          1    None
 Animate Skeleton         Necr           N/A          3%          1    None
 Vampiric Draining        Necr           ###.......   11%         3    None
 Call Imp                 Summ           ###.....     3%          2    None
 Regeneration             Chrm/Necr      ###.......   11%         3    None
 Sting                    Conj/Pois      ####         1%          1    None
 Shock                    Conj/Air       ####         1%          1    None
 Airstrike                Air            ###.......   10%         4    None
 Flame Tongue             Conj/Fire      #####        1%          1    None
 Passwall                 Tmut/Erth      ###.....     3%          2    None
 Static Discharge         Conj/Air       #####...     1%          3    None
 Lee's Rapid Deconstruct  Erth           ####......   11%         5    ###....
 Sandblast                Erth           ####..       1%          1    None
 Petrify                  Tmut/Erth      ###.....     24%         4    None
 Inner Flame              Hex/Fire       ####....     1%          3    None
 Poisonous Vapours        Pois/Air       ###...       5%          2    None


Dungeon Overview and Level Annotations

Branches:
Dungeon (11/15)            Temple (1/1) D:4            Lair (4/6) D:11
    Orc (0/2) D:10
  Swamp: Lair:2-4    Shoals: Lair:2-4     Snake: Lair:2-4    Spider: Lair:2-4

Altars:
Ashenzari
Cheibriados
Dithmenos
Elyvilon
Hepliaklqana
Kikubaaqudgha
Okawaru
Qazlal
Ru
Sif Muna
Trog
Vehumet
Wu Jian
Yredelemnul
Zin
The Shining One

Annotations:
D:10 2 runed doors, lis82's ghost, journeyman DEWz


Innate Abilities, Weirdness & Mutations

You have a pair of antennae on your head.
You are partially covered in slimy green scales. (AC +2)
You regenerate a little health from kills.
You sometimes gain a little power by taking damage.


Message History

You drop a scroll of identify.
The wolf bites you!
* * * LOW HITPOINT WARNING * * *
Evoke which item? (* to show all) (? for menu, Esc to quit)
Aiming: Paralyse
Press: ? - help, Shift-Dir - straight line, f/p - wolf
Aim: a wolf (chance to defeat MR: 51%)
The wolf resists with significant effort.
The wolf bites you!
* * * LOW HITPOINT WARNING * * *
The wolf misses you.
A red film seems to cover your vision as you go berserk!
You feel yourself moving faster!
You feel mighty! The wolf bites you.
* * * LOW HITPOINT WARNING * * *
You miss the wolf. The wolf bites you.
* * * LOW HITPOINT WARNING * * *
Unknown command.
You hit the wolf.
The wolf is moderately wounded.
The wolf bites you!
You die...

### ##.#######
#......#.###
##<........P##
#............#
#.@.........##
##h........#.#
###.#.......####
###P..#...(.###
##.#.†##P#.###
#......#####
#######....###
##.#P#....†...#
##.............#


You could see a wolf.

Vanquished Creatures
  Rupert (Lair:4)
  A hydra (Lair:1)
  Nergalle (Lair:3)
  Pikel (D:7)
  A cyclops (D:11)
  A manticore (D:11)
  2 centaur zombies (D:11)
  A black mamba (Lair:3)
  5 spiny frogs
  4 torpor snails (Lair:1)
  2 gargoyles
  A rime drake (Lair:3)
  A troll (D:10)
  Grinder (D:5)
  6 hippogriffs
  Prince Ribbit (D:7)
  A shadow (D:11)
  2 wraiths
  2 wyverns
  24 yaks
  Eustachio (D:5)
  A steam dragon (D:9)
  A basilisk (Lair:1)
  A hungry ghost (D:11)
  7 water moccasins
  2 hell hounds (D:11)
  Duvessa (D:7)
  2 porcupines
  5 ice beasts
  7 sky beasts
  5 orc warriors
  A slave (D:7)
  A necrophage (D:8)
  9 ogres
  A phantom (D:11)
  8 wolves
  2 centaurs (D:10)
  5 crocodiles
  A big kobold (D:9)
  12 bullfrogs
  A gnoll sergeant (D:7)
  Dowan (D:7)
  A scorpion (D:4)
  10 howler monkeys
  2 bullfrog zombies
  3 crimson imps
  A quasit (D:9)
  5 bullfrog skeletons
  5 hounds
  8 orc priests
  2 centaur skeletons
  4 jellies
  14 orc wizards
  4 iguanas
  Natasha (thrice) (D:1)
  8 worker ants
  A hound zombie (D:5)
  A howler monkey zombie (D:9)
  4 worker ant zombies
  5 gnolls (D:7)
  6 adders
  2 shadow imps
  8 oozes
  3 adder skeletons (D:4)
  2 adder zombies
  3 worms (D:2)
  3 leopard geckos
  50 orcs
  11 bats
  9 giant cockroaches
  9 goblins
  8 hobgoblins
  6 jackals
  15 kobolds
  3 quokkas
  2 ball pythons
  5 frilled lizards
  A jackal skeleton (D:5)
  5 rats
366 creatures vanquished.

Vanquished Creatures (others)
  6 fungi (Lair:2)
  3 plants
9 creatures vanquished.

Grand Total: 375 creatures vanquished

Notes
Turn   | Place    | Note
-------+----------+-------------------------------------------
     0 | D:1      | Kirk the Demonspawn Wizard began the quest for the Orb.
     0 | D:1      | Reached XP level 1. HP: 13/13 MP: 4/4
   124 | D:1      | Gained mutation: You are partially covered in slimy green scales. (AC +2) [demonic ancestry]
   124 | D:1      | Reached XP level 2. HP: 17/19 MP: 0/6
   765 | D:1      | Gained mutation: You have a pair of small antennae on your head. [demonic ancestry]
   765 | D:1      | Reached XP level 3. HP: 24/24 MP: 6/8
  1111 | D:2      | Noticed Natasha
  1144 | D:1      | Killed Natasha
  1154 | D:1      | Reached XP level 4. HP: 7/30 MP: 0/10
  1408 | D:1      | Noticed Natasha
  1419 | D:1      | Killed Natasha
  1505 | D:1      | Noticed Natasha
  1515 | D:1      | Killed Natasha
  1785 | D:2      | Reached XP level 5. HP: 35/35 MP: 4/11
  1873 | D:2      | Found a sacrificial altar of Ru.
  2682 | D:3      | Learned a level 2 spell: Blink
  2686 | D:3      | Learned a level 3 spell: Conjure Flame
  2692 | D:2      | Learned a level 3 spell: Mephitic Cloud
  2811 | D:3      | Found a stormy altar of Qazlal.
  2815 | D:3      | Found a glowing golden altar of the Shining One.
  3255 | D:3      | Found an ornate altar of the Wu Jian Council.
  3409 | D:4      | Noticed an ogre
  3423 | D:4      | Killed an ogre
  3423 | D:4      | Reached skill level 5 in Spellcasting
  3423 | D:4      | Gained mutation: You have a pair of antennae on your head. [demonic ancestry]
  3423 | D:4      | Reached XP level 6. HP: 26/41 MP: 3/13
  3537 | D:4      | Found a staircase to the Ecumenical Temple.
  3727 | D:4      | Reached skill level 5 in Conjurations
  3810 | D:4      | Found an iron altar of Okawaru.
  3829 | D:4      | Reached XP level 7. HP: 39/46 MP: 3/15
  3864 | D:4      | Reached skill level 1 in Short Blades
  4474 | Temple   | Entered the Ecumenical Temple
  4525 | Temple   | Became a worshipper of Vehumet
  4577 | D:5      | Entered Level 5 of the Dungeon
  4591 | D:5      | Found the cursed necklace of Bloodlust {*Rage +Rage MR++ Int-3 Slay+6 *Curse}
  4616 | D:5      | Reached skill level 1 in Translocations
  5063 | D:5      | Reached XP level 8. HP: 37/52 MP: 0/17
  5198 | D:5      | Noticed a hippogriff
  5213 | D:5      | Killed a hippogriff
  5240 | D:5      | Noticed Grinder
  5612 | D:5      | Learned a level 3 spell: Stone Arrow
  5791 | D:5      | Noticed Eustachio
  5843 | D:5      | Killed Eustachio
  6207 | D:5      | Found an ancient bone altar of Kikubaaqudgha.
  6287 | D:5      | Found a deep blue altar of Sif Muna.
  6337 | D:5      | Paralysed by Grinder for 5 turns
  6342 | D:5      | Killed Grinder
  6457 | D:6      | Reached XP level 9. HP: 52/57 MP: 8/20
  6553 | D:6      | Reached * piety under Vehumet
  6553 | D:6      | Offered knowledge of Freeze by Vehumet.
  6553 | D:6      | Reached skill level 1 in Earth Magic
  7034 | D:6      | Found a white marble altar of Elyvilon.
  7199 | D:6      | Learned a level 4 spell: Sticky Flame
  7235 | D:6      | Reached skill level 1 in Fire Magic
  7507 | D:6      | Found a basalt altar of Yredelemnul.
  7756 | D:7      | Noticed Prince Ribbit
  7768 | D:7      | Killed Prince Ribbit
  7899 | D:7      | Reached ** piety under Vehumet
  8067 | D:7      | Offered knowledge of Sting by Vehumet.
  8209 | D:7      | Found a glowing silver altar of Zin.
  8524 | D:7      | Noticed Duvessa
  8561 | D:7      | Noticed Pikel
  8590 | D:7      | Killed Pikel
  8693 | D:7      | Found a shattered altar of Ashenzari.
  8797 | D:7      | Killed Duvessa
  8847 | D:7      | Noticed Dowan
  8853 | D:7      | Killed Dowan
  8992 | D:8      | Reached XP level 10. HP: 51/63 MP: 11/23
  9022 | D:7      | Reached skill level 10 in Conjurations
  9990 | D:8      | Found a shadowy altar of Dithmenos.
 10076 | D:8      | Offered knowledge of Dazzling Spray by Vehumet.
 10620 | D:9      | Reached *** piety under Vehumet
 10954 | D:9      | Reached skill level 10 in Spellcasting
 11073 | D:9      | Found a hazy altar of Hepliaklqana.
 11099 | D:9      | Found the +7 Kryia's mail coat {PotionHeal*2 rC+}
 11478 | D:9      | Learned a level 5 spell: Fireball
 11479 | D:10     | Entered Level 10 of the Dungeon
 11507 | D:10     | Offered knowledge of Iskenderun's Mystic Blast by Vehumet.
 11531 | D:10     | Learned a level 4 spell: Iskenderun's Mystic Blast
 11534 | D:10     | Learned a level 2 spell: Swiftness
 11760 | D:10     | Found a runed door.
 11774 | D:10     | Noticed a gargoyle
 11779 | D:10     | Killed a gargoyle
 11877 | D:10     | Noticed a skeletal warrior
 12114 | D:10     | Found a staircase to the Orcish Mines.
 12478 | D:10     | Found a runed door.
 12483 | D:10     | Noticed a deep elf knight
 12484 | D:10     | Noticed a lich
 12484 | D:10     | Noticed a necromancer
 12484 | D:10     | Noticed a great orb of eyes
 12484 | D:10     | Noticed lis82's ghost (journeyman DEWz)
 12742 | D:11     | Noticed a two-headed ogre
 13107 | D:11     | Found a staircase to the Lair.
 13144 | D:11     | Reached **** piety under Vehumet
 13144 | D:11     | Gained mutation: You regenerate a little health from kills. [demonic ancestry]
 13144 | D:11     | Reached XP level 11. HP: 64/68 MP: 10/25
 13405 | D:11     | Offered knowledge of Yara's Violent Unravelling by Vehumet.
 14276 | Lair:1   | Entered Level 1 of the Lair of Beasts
 14278 | Lair:1   | Noticed a four-headed hydra
 14311 | Lair:1   | Killed a four-headed hydra
 14398 | Lair:1   | Noticed a six-headed hydra
 14581 | Lair:1   | Found a snail-covered altar of Cheibriados.
 14595 | Lair:1   | Reached skill level 1 in Evocations
 14936 | Lair:1   | Noticed a six-headed hydra
 15035 | Lair:2   | Noticed an ice dragon
 15367 | Lair:3   | Gained mutation: You sometimes gain a little power by taking damage. [demonic ancestry]
 15367 | Lair:3   | Reached XP level 12. HP: 74/74 MP: 19/28
 15752 | Lair:3   | Noticed Nergalle
 15950 | Lair:3   | Killed Nergalle
 16874 | Lair:2   | Reached skill level 5 in Fire Magic
 17561 | Lair:4   | Noticed Rupert
 17771 | Lair:4   | Killed Rupert
 17825 | Lair:4   | Slain by a wolf

Skill      XL: |  1  2  3  4  5  6  7  8  9 10 11 12 |
---------------+-------------------------------------+-----
Conjurations   | 2 3 4 5 6 8 9 11 12 13 | 13.5
Spellcasting   | 4 5 6 7 9 10 12 13 | 13.3
Short Blades   | 1 |  1.3
Translocations | 1 2 |  2.1
Earth Magic    | 2 |  2.2
Fire Magic     | 2 4 5 |  5.7
Evocations     | 1 2 |  2.0
Dodging        | |  1.7
Stealth        | |  1.7
Summonings     | |  1.0
Air Magic      | |  0.1
Poison Magic   | |  0.1

Action                   |  1- 3 |  4- 6 |  7- 9 | 10-12 || total
-------------------------+-------+-------+-------+-------++-------
Melee: Club              |    33 |       |       |       ||    33
       Dagger            |    12 |    75 |   169 |   142 ||   398
       Unarmed           |       |       |       |     1 ||     1
 Cast: Magic Dart        |    70 |   161 |   227 |   125 ||   583
       Mephitic Cloud    |       |     4 |    18 |    10 ||    32
       Conjure Flame     |       |     1 |    20 |    21 ||    42
       Blink             |       |       |    10 |    16 ||    26
       Stone Arrow       |       |       |    32 |   187 ||   219
       Sticky Flame      |       |       |     2 |       ||     2
       Fireball          |       |       |       |    77 ||    77
Evoke: Wand              |       |       |       |    16 ||    16
  Use: Scroll            |     2 |     4 |     8 |     9 ||    23
       Potion            |     1 |     1 |     2 |     6 ||    10
 Stab: Sleeping          |     1 |       |     1 |       ||     2
       Confused          |       |     1 |     6 |       ||     7
       Distracted        |       |       |     1 |       ||     1
  Eat: Chunk             |       |    17 |    18 |    36 ||    71
Armor: Robe              |    31 |    21 |    55 |    49 ||   156
       Skin              |       |       |       |     2 ||     2
Dodge: Dodged            |    61 |    47 |    82 |   149 ||   339
